Rampage vs Wolves
Created - April 15, 2022 at 22:14
Goals
|
| Rampage |
2 |
2 |
1 |
1 |
6 |
| Wolves |
0 |
2 |
3 |
0 |
5 |
|
Shots
|
| Rampage |
15 |
12 |
7 |
3 |
37 |
| Wolves |
9 |
13 |
11 |
0 |
33 |
|
1st period
1. Rampage , T.J. Tynan 16 (Travis Sanheim 35) at 9:20
2. Rampage , Jack Roslovic 25 (Travis Sanheim 36, Oskar Lindblom 8) at 11:59 (PP)
Penalties :
Anton Lindholm (Chi) for Hooking (Minor) at 11:50
2nd period
3. Rampage , Denis Gurianov 17 (Travis Sanheim 37, Ryan Lomberg 29) at 7:40
4. Rampage , Oskar Lindblom 5 (Jeremy Bracco 9, Dylan Gambrell 5) at 9:28
5. Wolves , Sebastian Aho 34 (Victor Olofsson 20) at 12:22
6. Wolves , Jalen Chatfield 1 (Wade Allison 5, Antti Suomela 13) at 13:49
Penalties :
Travis Sanheim (San) for Boarding (Minor) at 0:27, Jalen Chatfield (Chi) for High sticking (Minor) at 18:00
3rd period
7. Wolves , Kyle Rau 27 (Lawson Crouse 35) at 0:28 (PP)
8. Rampage , Travis Sanheim 5 (Dylan Gambrell 6, Oskar Lindblom 9) at 3:25
9. Wolves , Jake Evans 3 (Thomas Spelling 25, Wade Allison 6) at 9:33
10. Wolves , Jake Evans 4 (Joe Morrow 42, Thomas Spelling 26) at 11:56
Penalties :
Travis Sanheim (San) for Roughing (Minor) at 0:22, Artturi Lehkonen (San) for Roughing (Minor) at 4:37, Ethan Bear (San) for Holding Stick (Minor) at 12:09, Jack Roslovic (San) for Interference (Minor) at 17:36
Overtime #1
11. Rampage , Travis Sanheim 6 (T.J. Tynan 20) at 1:53 (PP)
Penalties :
Joe Morrow (Chi) for Hooking (Minor) at 0:03
Goalie Stats
Brandon Halverson (San), 28 saves from 33 shots - (0.848), W, 9-5-0, 61:53 minutes
Laurent Brossoit (Chi), 31 saves from 37 shots - (0.838), OTL, 27-7-5, 61:53 minutes
Players Stats for Rampage
Player Name G A P +/- PIM S H SB GA TA FO MP PP MP PK MP
------------------------------------------------------------------------------------
Artturi Lehkonen 0 0 0 -1 2 2 0 1 0 0 1/1 11:53 0:24 1:19
Charlie McAvoy 0 0 0 2 0 1 2 0 0 1 0/0 22:12 0:00 1:24
Collin Miller 0 0 0 1 0 3 2 1 0 3 0/0 18:55 1:03 5:14
Denis Gurianov 1 0 1 0 0 10 0 0 1 0 1/1 14:02 0:59 0:00
Dylan Gambrell 0 2 2 2 0 0 1 0 0 0 2/3 10:27 0:00 0:00
Ethan Bear 0 0 0 -3 2 0 1 7 0 1 0/0 19:48 1:05 2:14
Jack Roslovic 1 0 1 -1 2 2 0 0 2 0 16/28 20:51 0:59 3:26
Jean-Sebastien Dea 0 0 0 -1 0 2 2 0 0 0 4/8 12:31 0:59 0:00
Jeremy Bracco 0 1 1 2 0 3 0 0 0 0 0/0 10:37 0:10 0:00
Jordan Greenway 0 0 0 -1 0 0 2 0 0 0 1/6 17:48 0:00 2:36
Jordan Kyrou 0 0 0 -1 0 0 0 0 1 0 0/0 15:48 0:59 0:00
Kevan Miller 0 0 0 1 0 1 3 3 0 2 0/0 14:59 1:03 0:00
Oskar Lindblom 1 2 3 2 0 3 2 0 0 0 0/0 11:12 0:45 0:00
Petr Straka 0 0 0 -1 0 0 0 0 1 0 0/0 12:51 0:00 1:37
Roland McKeown 0 0 0 -3 0 2 2 2 0 2 0/0 24:42 0:00 5:14
Ryan Lomberg 0 1 1 0 0 0 1 0 1 0 3/4 20:15 0:59 4:50
T.J. Tynan 1 1 2 0 0 1 1 0 0 2 4/12 15:35 0:10 2:16
Travis Sanheim 2 3 5 2 4 7 1 1 0 1 0/0 24:59 1:05 1:58
Players Stats for Wolves
Player Name G A P +/- PIM S H SB GA TA FO MP PP MP PK MP
------------------------------------------------------------------------------------
Alexandre Grenier 0 0 0 -1 0 3 0 0 2 0 4/7 23:33 5:22 2:24
Anton Lindholm 0 0 0 0 2 0 0 3 0 0 0/0 20:01 2:15 1:57
Antti Suomela 0 1 1 1 0 1 2 1 0 0 1/2 8:31 0:00 0:12
Dylan Coghlan 0 0 0 -1 0 0 0 1 0 1 0/0 5:06 0:00 0:00
Eric Robinson 0 0 0 -1 0 1 2 0 0 0 2/2 17:05 2:40 0:30
Fredrik Olofsson 0 0 0 1 0 0 1 0 1 0 0/0 11:53 0:00 0:00
Jake Evans 2 0 2 1 0 6 1 0 1 0 0/6 11:53 0:00 0:00
Jalen Chatfield 1 0 1 0 2 2 2 1 0 0 0/0 9:35 0:00 0:00
Jeff Petry 0 0 0 0 0 1 3 2 0 0 0/0 20:02 2:15 1:57
Jeffrey Foss 0 0 0 1 0 1 2 1 0 1 0/0 27:09 5:47 2:00
Joe Morrow 0 1 1 1 2 4 3 1 2 0 0/0 26:01 5:47 0:53
Kale Clague 0 0 0 -1 0 0 0 0 0 1 0/0 5:06 0:00 0:00
Kevin Stenlund 0 0 0 0 0 0 0 0 0 0 0/0 0:49 0:00 0:49
Kieffer Bellows 0 0 0 1 0 0 0 0 0 1 0/0 8:19 0:00 0:00
Kyle Rau 1 0 1 -1 0 4 0 0 2 0 19/32 22:29 5:22 1:20
Lawson Crouse 0 1 1 -1 0 2 1 0 0 0 2/2 21:26 5:20 0:25
Liam O'Brien 0 0 0 0 0 0 0 0 0 0 0/0 0:00 0:00 0:00
Matthew Highmore 0 0 0 0 0 0 0 0 0 0 0/0 0:04 0:02 0:00
Samuel Girard 0 0 0 0 0 0 0 0 0 0 0/0 10:43 0:00 1:07
Sebastian Aho 1 0 1 -1 0 4 0 2 1 0 3/11 17:00 2:40 0:25
Thomas Spelling 0 2 2 1 0 3 1 0 1 1 0/0 11:53 0:00 0:00
Victor Olofsson 0 1 1 -1 0 1 0 0 1 1 0/0 16:35 2:40 0:00
Wade Allison 0 2 2 1 0 0 1 0 1 0 0/1 8:19 0:00 0:00
Zachary Senyshyn 0 0 0 0 0 0 0 0 0 0 0/0 0:00 0:00 0:00
3 Stars
1 - Travis Sanheim (San)
2 - Oskar Lindblom (San)
3 - Jake Evans (Chi)
Power Play
Rampage - 2 on 3 Attempt(s) - 66.67%
Wolves - 1 on 5 Attempt(s) - 20.00%
Penalty Kill
Rampage - 4 on 5 Attempt(s) - 80.00%
- Score 0 goal in Penalty Kill
Wolves - 1 on 3 Attempt(s) - 33.33%
- Score 0 goal in Penalty Kill
Team Stat
Rampage - Hits : 20 - Faceoff Wins : 32 - Blocked Shots : 15 - Penalty Minutes : 10
Wolves - Hits : 19 - Faceoff Wins : 31 - Blocked Shots : 12 - Penalty Minutes : 6
Official
Referees : Marc Joannette and Kendrick Nicholson
Linesman : Pierre Racicot and Derek Nansen
Game Notes
No Game Note
Finance
Level 1 -- Attendance: 1827 (91.35%) -- Ticket Income $63,945
Level 2 -- Attendance: 888 (88.80%) -- Ticket Income $13,320
Total Attendance: 2715 (90.50%)
Total Ticket Income: $77,265
Other Income: $3,863
Total Income: $81,128
Rampage
5 vs 5 Forward
Center Left Wing Right Wing Time % Phy DF OF
1 Jack Roslovic Jordan Greenway Jordan Kyrou 40 1 2 2
2 T.J. Tynan Ryan Lomberg Denis Gurianov 30 1 2 2
3 Jean-Sebastien Dea Artturi Lehkonen Petr Straka 20 1 2 2
4 Dylan Gambrell Oskar Lindblom Jeremy Bracco 10 1 2 2
5 vs 5 Defense
Defense Defense Time % Phy DF OF
1 Charlie McAvoy Travis Sanheim 40 1 2 2
2 Roland McKeown Ethan Bear 30 1 2 2
3 Kevan Miller Collin Miller 20 1 2 2
4 Kevan Miller Roland McKeown 10 1 2 2
PowerPlay Forward
Center Left Wing Right Wing Time % Phy DF OF
1 Jack Roslovic Oskar Lindblom Jordan Kyrou 60 1 2 2
2 Jean-Sebastien Dea Ryan Lomberg Denis Gurianov 40 1 2 2
PowerPlay Defense
Defense Defense Time % Phy DF OF
1 Ethan Bear Travis Sanheim 60 1 2 2
2 Kevan Miller Collin Miller 40 1 2 2
Penalty Kill 4 Players Forward
Center Wing Time % Phy DF OF
1 Jack Roslovic Ryan Lomberg 60 1 2 2
2 T.J. Tynan Petr Straka 40 1 2 2
Penalty Kill 4 Players Defense
Defense Defense Time % Phy DF OF
1 Roland McKeown Collin Miller 60 1 2 2
2 Travis Sanheim Ethan Bear 40 1 2 2
Penalty Kill - 3 Players Forward
Forward Time % Phy DF OF
1 T.J. Tynan 60 1 2 2
2 Jack Roslovic 40 1 2 2
Penalty Kill - 3 Players Defense
Defense Defense Time % Phy DF OF
1 Roland McKeown Travis Sanheim 60 1 2 2
2 Collin Miller Ethan Bear 40 1 2 2
4 vs 4 Forward
Center Wing Time % Phy DF OF
1 Jean-Sebastien Dea Petr Straka 60 1 2 2
2 T.J. Tynan Ryan Lomberg 40 1 2 2
4 vs 4 Defense
Defense Defense Time % Phy DF OF
1 Roland McKeown Travis Sanheim 60 1 2 2
2 Collin Miller Charlie McAvoy 40 1 2 2
Last Minutes Offensive
Center Left Wing Right Wing Defense Defense
Jack Roslovic Ryan Lomberg Petr Straka Ethan Bear Travis Sanheim
Last Minutes Defensive
Center Left Wing Right Wing Defense Defense
T.J. Tynan Ryan Lomberg Petr Straka Roland McKeown Collin Miller
Goaltenders
Starting : Brandon Halverson
Backup : Magnus Hellberg
Extra Forwards
Normal : Denis Gurianov, Jean-Sebastien Dea, Jordan Greenway - PP : Denis Gurianov, Jean-Sebastien Dea - PK : Jordan Greenway
Extra Defensemen
Normal : Ethan Bear, Charlie McAvoy, Collin Miller - PP : Ethan Bear - PK : Charlie McAvoy, Collin Miller
Penalty Shots
Jack Roslovic, Jordan Kyrou, Petr Straka, T.J. Tynan, Jean-Sebastien Dea
Scratches
Adam Clendening (Healthy), Anthony Richard (Right Leg Injury), Dylan Sikura (Healthy), Scott Wilson (Healthy), Eamon McAdam (Healthy)
Emil Larmi (Healthy)
Wolves
5 vs 5 Forward
Center Left Wing Right Wing Time % Phy DF OF
1 Kyle Rau Lawson Crouse Alexandre Grenier 40 1 2 2
2 Sebastian Aho Eric Robinson Victor Olofsson 30 1 2 2
3 Jake Evans Fredrik Olofsson Thomas Spelling 20 1 2 2
4 Antti Suomela Kieffer Bellows Wade Allison 10 1 2 2
5 vs 5 Defense
Defense Defense Time % Phy DF OF
1 Jeffrey Foss Joe Morrow 40 1 2 2
2 Anton Lindholm Jeff Petry 30 1 2 2
3 Jalen Chatfield Samuel Girard 20 1 2 2
4 Kale Clague Dylan Coghlan 10 1 2 2
PowerPlay Forward
Center Left Wing Right Wing Time % Phy DF OF
1 Kyle Rau Lawson Crouse Alexandre Grenier 60 1 2 2
2 Sebastian Aho Eric Robinson Victor Olofsson 40 1 2 2
PowerPlay Defense
Defense Defense Time % Phy DF OF
1 Jeffrey Foss Joe Morrow 60 1 2 2
2 Anton Lindholm Jeff Petry 40 1 2 2
Penalty Kill 4 Players Forward
Center Wing Time % Phy DF OF
1 Alexandre Grenier Kyle Rau 60 1 2 2
2 Sebastian Aho Lawson Crouse 40 1 2 2
Penalty Kill 4 Players Defense
Defense Defense Time % Phy DF OF
1 Jeffrey Foss Joe Morrow 60 1 2 2
2 Anton Lindholm Jeff Petry 40 1 2 2
Penalty Kill - 3 Players Forward
Forward Time % Phy DF OF
1 Alexandre Grenier 60 1 2 2
2 Kyle Rau 40 1 2 2
Penalty Kill - 3 Players Defense
Defense Defense Time % Phy DF OF
1 Jeffrey Foss Joe Morrow 60 1 2 2
2 Anton Lindholm Jeff Petry 40 1 2 2
4 vs 4 Forward
Center Wing Time % Phy DF OF
1 Alexandre Grenier Kyle Rau 60 1 2 2
2 Sebastian Aho Lawson Crouse 40 1 2 2
4 vs 4 Defense
Defense Defense Time % Phy DF OF
1 Jeffrey Foss Joe Morrow 60 1 2 2
2 Anton Lindholm Jeff Petry 40 1 2 2
Last Minutes Offensive
Center Left Wing Right Wing Defense Defense
Kyle Rau Lawson Crouse Alexandre Grenier Jeffrey Foss Joe Morrow
Last Minutes Defensive
Center Left Wing Right Wing Defense Defense
Kyle Rau Lawson Crouse Alexandre Grenier Jeffrey Foss Joe Morrow
Goaltenders
Starting : Laurent Brossoit
Backup : Ebbe Siönäs
Extra Forwards
Normal : Matthew Highmore, Liam O'Brien, Kevin Stenlund - PP : Matthew Highmore, Liam O'Brien - PK : Kevin Stenlund
Extra Defensemen
Normal : Jalen Chatfield, Samuel Girard, Kale Clague - PP : Jalen Chatfield - PK : Samuel Girard, Kale Clague
Penalty Shots
Alexandre Grenier, Kyle Rau, Sebastian Aho, Lawson Crouse, Victor Olofsson
Scratches
Jakub Zboril (Head Injury), Joona Koppanen (Healthy), Sergei Kostenko (Healthy)
% Time on Ice - Rampage
Lines # - Real PCT - Wanted PCT - Time Play
Normal Forward
1 - 34% - 40% - 16:45
2 - 25% - 30% - 12:36
3 - 20% - 20% - 10:02
4 - 21% - 10% - 10:27
Normal Defense
1 - 42% - 40% - 20:52
2 - 29% - 30% - 14:24
3 - 21% - 20% - 10:16
4 - 9% - 10% - 4:18
PP Forward
1 - 54% - 60% - 1:09
2 - 46% - 40% - 0:59
PP Defense
1 - 51% - 60% - 1:05
2 - 49% - 40% - 1:03
PK Forward
1 - 80% - 60% - 6:25
2 - 20% - 40% - 1:37
PK Defense
1 - 65% - 60% - 5:14
2 - 35% - 40% - 2:48
PK3 Forward
1 - 0% - 60%
2 - 0% - 40%
PK3 Defense
1 - 0% - 60%
2 - 0% - 40%
44 Forward
1 - 74% - 60% - 1:24
2 - 26% - 40% - 0:29
44 Defense
1 - 64% - 60% - 1:12
2 - 36% - 40% - 0:41
Last Minute Offensive - 0:00
Last Minute Defensive - 0:00
Total
Forward - 61:53
Defense - 61:53
|
% Time on Ice - Wolves
Lines # - Real PCT - Wanted PCT - Time Play
Normal Forward
1 - 32% - 40% - 15:43
2 - 28% - 30% - 13:55
3 - 24% - 20% - 11:53
4 - 17% - 10% - 8:19
Normal Defense
1 - 39% - 40% - 19:18
2 - 32% - 30% - 15:50
3 - 19% - 20% - 9:36
4 - 10% - 10% - 5:06
PP Forward
1 - 67% - 60% - 5:22
2 - 33% - 40% - 2:40
PP Defense
1 - 72% - 60% - 5:47
2 - 28% - 40% - 2:15
PK Forward
1 - 80% - 60% - 1:43
2 - 20% - 40% - 0:25
PK Defense
1 - 41% - 60% - 0:53
2 - 59% - 40% - 1:15
PK3 Forward
1 - 94% - 60% - 1:42
2 - 6% - 40% - 0:07
PK3 Defense
1 - 61% - 60% - 1:07
2 - 39% - 40% - 0:42
44 Forward
1 - 100% - 60% - 0:04
2 - 0% - 40% - 0:00
44 Defense
1 - 100% - 60% - 0:04
2 - 0% - 40% - 0:00
Last Minute Offensive - 0:00
Last Minute Defensive - 0:00
Total
Forward - 61:53
Defense - 61:53
|
Play-by-Play
1st period
0:01 of 1st period - Kyle Rau wins face-off versus Jack Roslovic in neutral zone.
0:04 of 1st period - Jordan Greenway is hit by Joe Morrow and loses puck.
0:34 of 1st period - Snap shot by Denis Gurianov.
0:34 of 1st period - Stopped by Laurent Brossoit without a rebound.
0:35 of 1st period - Jean-Sebastien Dea wins face-off versus Jake Evans in Wolves zone.
0:46 of 1st period - Snap shot by Artturi Lehkonen.
0:46 of 1st period - Shot Misses the Net.
1:16 of 1st period - Wrist shot by Thomas Spelling.
1:16 of 1st period - Stopped by Brandon Halverson with a rebound.
1:18 of 1st period - Slapshot by Jalen Chatfield.
1:18 of 1st period - Shot Misses the Net.
1:20 of 1st period - Slapshot by Jake Evans.
1:20 of 1st period - Stopped by Brandon Halverson with a rebound.
1:22 of 1st period - Snap shot by Jalen Chatfield.
1:22 of 1st period - Shot Blocked by Ethan Bear.
1:24 of 1st period - Wrist shot by Fredrik Olofsson.
1:24 of 1st period - Shot Misses the Net.
1:42 of 1st period - Jordan Greenway is hit by Fredrik Olofsson and loses puck.
2:49 of 1st period - Snap shot by Thomas Spelling.
2:49 of 1st period - Shot Blocked by Ethan Bear.
2:51 of 1st period - Snap shot by Jalen Chatfield.
2:51 of 1st period - Deflect By Ethan Bear.
2:51 of 1st period - Stopped by Brandon Halverson with a rebound.
2:53 of 1st period - Slapshot by Joe Morrow.
2:53 of 1st period - Shot Hit the Post.
2:55 of 1st period - Slapshot by Jeffrey Foss.
2:55 of 1st period - Shot Blocked by Ethan Bear.
2:57 of 1st period - Snap shot by Thomas Spelling.
2:57 of 1st period - Stopped by Brandon Halverson with a rebound.
2:59 of 1st period - Snap shot by Joe Morrow.
2:59 of 1st period - Shot Misses the Net.
3:01 of 1st period - Slapshot by Joe Morrow.
3:01 of 1st period - Shot Blocked by Ethan Bear.
3:11 of 1st period - Snap shot by Jake Evans.
3:11 of 1st period - Stopped by Brandon Halverson without a rebound.
3:12 of 1st period - Denis Gurianov wins face-off versus Kyle Rau in Rampage zone.
3:34 of 1st period - Icing by Travis Sanheim.
3:35 of 1st period - Jean-Sebastien Dea wins face-off versus Sebastian Aho in Rampage zone.
3:44 of 1st period - Wrist shot by Sebastian Aho.
3:44 of 1st period - Shot Misses the Net.
4:34 of 1st period - Jeffrey Foss is hit by Oskar Lindblom and loses puck.
4:49 of 1st period - Snap shot by Petr Straka.
4:49 of 1st period - Deflect By Jean-Sebastien Dea.
4:49 of 1st period - Shot Misses the Net.
4:49 of 1st period - Puck is out of play.
4:50 of 1st period - Eric Robinson wins face-off versus Jean-Sebastien Dea in Wolves zone.
5:15 of 1st period - Sebastian Aho is hit by Charlie McAvoy and loses puck.
5:20 of 1st period - Slapshot by Jeremy Bracco.
5:20 of 1st period - Stopped by Laurent Brossoit without a rebound.
5:21 of 1st period - Alexandre Grenier wins face-off versus Dylan Gambrell in Wolves zone.
6:05 of 1st period - Slapshot by Denis Gurianov.
6:05 of 1st period - Shot Misses the Net.
6:07 of 1st period - Slapshot by Collin Miller.
6:07 of 1st period - Shot Blocked by Sebastian Aho.
6:13 of 1st period - Wrist shot by Denis Gurianov.
6:13 of 1st period - Stopped by Laurent Brossoit with a rebound.
6:15 of 1st period - Slapshot by Kevan Miller.
6:15 of 1st period - Shot Blocked by Dylan Coghlan.
6:25 of 1st period - Alexandre Grenier is hit by Jean-Sebastien Dea.
6:55 of 1st period - Slapshot by Joe Morrow.
6:55 of 1st period - Stopped by Brandon Halverson with a rebound.
7:07 of 1st period - Snap shot by Denis Gurianov.
7:07 of 1st period - Shot Misses the Net.
8:32 of 1st period - Snap shot by Denis Gurianov.
8:32 of 1st period - Stopped by Laurent Brossoit with a rebound.
9:01 of 1st period - Ethan Bear is hit by Jalen Chatfield and loses puck.
9:20 of 1st period - Wrist shot by T.J. Tynan.
9:20 of 1st period - Goal by T.J. Tynan - Rampage : 1 - Wolves : 0.
9:21 of 1st period - Kyle Rau wins face-off versus T.J. Tynan in neutral zone.
9:28 of 1st period - Slapshot by Lawson Crouse.
9:28 of 1st period - Shot Misses the Net.
10:22 of 1st period - Ethan Bear is hit by Joe Morrow.
10:42 of 1st period - Snap shot by Kyle Rau.
10:42 of 1st period - Shot Misses the Net.
11:05 of 1st period - Wrist shot by Denis Gurianov.
11:05 of 1st period - Stopped by Laurent Brossoit with a rebound.
11:17 of 1st period - Backhand shot by Travis Sanheim.
11:17 of 1st period - Stopped by Laurent Brossoit with a rebound.
11:19 of 1st period - Wrist shot by Jack Roslovic.
11:19 of 1st period - Deflect By Anton Lindholm.
11:19 of 1st period - Shot Blocked by Anton Lindholm.
11:19 of 1st period - Puck is out of play.
11:20 of 1st period - Jack Roslovic wins face-off versus Jake Evans in Wolves zone.
11:29 of 1st period - Slapshot by Travis Sanheim.
11:29 of 1st period - Stopped by Laurent Brossoit with a rebound.
11:31 of 1st period - Snap shot by Charlie McAvoy.
11:31 of 1st period - Deflect By Jordan Greenway.
11:31 of 1st period - Shot Misses the Net.
11:31 of 1st period - Puck is out of play.
11:32 of 1st period - Kyle Rau wins face-off versus T.J. Tynan in Wolves zone.
11:39 of 1st period - Slapshot by Kyle Rau.
11:39 of 1st period - Deflect By Charlie McAvoy.
11:39 of 1st period - Shot Misses the Net.
11:39 of 1st period - Puck is out of play.
11:40 of 1st period - Kyle Rau wins face-off versus T.J. Tynan in Rampage zone.
11:50 of 1st period - Minor Penalty to Anton Lindholm for Hooking.
11:51 of 1st period - Jack Roslovic wins face-off versus Alexandre Grenier in Wolves zone.
11:59 of 1st period - Backhand shot by Jack Roslovic.
11:59 of 1st period - Goal by Jack Roslovic - Rampage : 2 - Wolves : 0.
12:00 of 1st period - Jack Roslovic wins face-off versus Kyle Rau in neutral zone.
12:13 of 1st period - Slapshot by Travis Sanheim.
12:13 of 1st period - Deflect By Jack Roslovic.
12:13 of 1st period - Stopped by Laurent Brossoit with a rebound.
12:37 of 1st period - T.J. Tynan is hit by Eric Robinson and loses puck.
12:52 of 1st period - Jeffrey Foss is hit by Kevan Miller and loses puck.
13:18 of 1st period - Jeff Petry is hit by Travis Sanheim and loses puck.
13:39 of 1st period - Roland McKeown is hit by Antti Suomela and loses puck.
14:16 of 1st period - Snap shot by Oskar Lindblom.
14:16 of 1st period - Stopped by Laurent Brossoit with a rebound.
14:18 of 1st period - Backhand shot by Kevan Miller.
14:18 of 1st period - Shot Misses the Net.
14:42 of 1st period - Off-side.
14:43 of 1st period - Ryan Lomberg wins face-off versus Jake Evans in neutral zone.
15:12 of 1st period - Slapshot by Jack Roslovic.
15:12 of 1st period - Shot Misses the Net.
15:38 of 1st period - Slapshot by Petr Straka.
15:38 of 1st period - Shot Misses the Net.
15:40 of 1st period - Snap shot by Artturi Lehkonen.
15:40 of 1st period - Stopped by Laurent Brossoit with a rebound.
15:42 of 1st period - Wrist shot by Jean-Sebastien Dea.
15:42 of 1st period - Stopped by Laurent Brossoit with a rebound.
15:44 of 1st period - Slapshot by Collin Miller.
15:44 of 1st period - Stopped by Laurent Brossoit without a rebound.
15:45 of 1st period - T.J. Tynan wins face-off versus Kyle Rau in Wolves zone.
16:33 of 1st period - Wrist shot by Thomas Spelling.
16:33 of 1st period - Stopped by Brandon Halverson without a rebound.
16:34 of 1st period - Ryan Lomberg wins face-off versus Jake Evans in Rampage zone.
17:09 of 1st period - Icing by Jack Roslovic.
17:10 of 1st period - Sebastian Aho wins face-off versus Jack Roslovic in Rampage zone.
17:17 of 1st period - Snap shot by Victor Olofsson.
17:17 of 1st period - Stopped by Brandon Halverson without a rebound.
17:18 of 1st period - Sebastian Aho wins face-off versus Jack Roslovic in Rampage zone.
17:19 of 1st period - Slapshot by Joe Morrow.
17:19 of 1st period - Stopped by Brandon Halverson without a rebound.
17:20 of 1st period - Jack Roslovic wins face-off versus Sebastian Aho in Rampage zone.
17:49 of 1st period - Snap shot by Alexandre Grenier.
17:49 of 1st period - Shot Misses the Net.
17:55 of 1st period - Slapshot by Lawson Crouse.
17:55 of 1st period - Shot Misses the Net.
18:49 of 1st period - Slapshot by Eric Robinson.
18:49 of 1st period - Shot Misses the Net.
18:51 of 1st period - Slapshot by Sebastian Aho.
18:51 of 1st period - Shot Misses the Net.
19:15 of 1st period - Wrist shot by Denis Gurianov.
19:15 of 1st period - Stopped by Laurent Brossoit with a rebound.
19:17 of 1st period - Snap shot by Ryan Lomberg.
19:17 of 1st period - Shot Misses the Net.
Goals for this period are 2 for Rampage vs 0 for Wolves.
Shots for this period are 15 for Rampage vs 9 for Wolves.
2nd period
0:01 of 2nd period - Kyle Rau wins face-off versus Jack Roslovic in neutral zone.
0:04 of 2nd period - Snap shot by Alexandre Grenier.
0:04 of 2nd period - Shot Blocked by Roland McKeown.
0:06 of 2nd period - Snap shot by Kyle Rau.
0:06 of 2nd period - Shot Misses the Net.
0:08 of 2nd period - Wrist shot by Lawson Crouse.
0:08 of 2nd period - Stopped by Brandon Halverson without a rebound.
0:09 of 2nd period - Jack Roslovic wins face-off versus Kyle Rau in Rampage zone.
0:24 of 2nd period - Wrist shot by Kyle Rau.
0:24 of 2nd period - Stopped by Brandon Halverson without a rebound.
0:25 of 2nd period - T.J. Tynan wins face-off versus Sebastian Aho in Rampage zone.
0:27 of 2nd period - Minor Penalty to Travis Sanheim for Boarding.
0:28 of 2nd period - Kyle Rau wins face-off versus Jack Roslovic in Rampage zone.
1:49 of 2nd period - Ryan Lomberg is hit by Jeffrey Foss and loses puck.
2:18 of 2nd period - Sebastian Aho is hit by Jordan Greenway and loses puck.
2:27 of 2nd period - Penalty to Travis Sanheim is over, Travis Sanheim is back on ice.
2:43 of 2nd period - Ethan Bear is hit by Jeff Petry and loses puck.
3:43 of 2nd period - Eric Robinson is hit by Oskar Lindblom and loses puck.
3:58 of 2nd period - Alexandre Grenier is hit by Roland McKeown and loses puck.
4:36 of 2nd period - Jean-Sebastien Dea is hit by Jeff Petry and loses puck.
4:59 of 2nd period - Travis Sanheim is hit by Thomas Spelling and loses puck.
5:10 of 2nd period - Wrist shot by Sebastian Aho.
5:10 of 2nd period - Stopped by Brandon Halverson with a rebound.
5:22 of 2nd period - Backhand shot by Travis Sanheim.
5:22 of 2nd period - Stopped by Laurent Brossoit with a rebound.
5:26 of 2nd period - Snap shot by Travis Sanheim.
5:26 of 2nd period - Shot Blocked by Jalen Chatfield.
5:28 of 2nd period - Snap shot by Collin Miller.
5:28 of 2nd period - Stopped by Laurent Brossoit without a rebound.
5:29 of 2nd period - Kyle Rau wins face-off versus T.J. Tynan in Wolves zone.
5:54 of 2nd period - Jeff Petry is hit by Jordan Greenway.
6:00 of 2nd period - Wrist shot by Victor Olofsson.
6:00 of 2nd period - Deflect By Eric Robinson.
6:00 of 2nd period - Shot Misses the Net.
6:00 of 2nd period - Puck is out of play.
6:01 of 2nd period - Kyle Rau wins face-off versus Jack Roslovic in Rampage zone.
6:06 of 2nd period - Wrist shot by Alexandre Grenier.
6:06 of 2nd period - Shot Misses the Net.
6:08 of 2nd period - Wrist shot by Kyle Rau.
6:08 of 2nd period - Deflect By Alexandre Grenier.
6:08 of 2nd period - Shot Blocked by Roland McKeown.
6:08 of 2nd period - Puck is out of play.
6:09 of 2nd period - Jordan Greenway wins face-off versus Kyle Rau in Rampage zone.
6:09 of 2nd period - Jordan Greenway is hit by Jeffrey Foss.
6:54 of 2nd period - Wrist shot by Alexandre Grenier.
6:54 of 2nd period - Stopped by Brandon Halverson without a rebound.
6:55 of 2nd period - Sebastian Aho wins face-off versus T.J. Tynan in Rampage zone.
7:04 of 2nd period - Snap shot by Denis Gurianov.
7:04 of 2nd period - Stopped by Laurent Brossoit without a rebound.
7:05 of 2nd period - Eric Robinson wins face-off versus T.J. Tynan in Wolves zone.
7:26 of 2nd period - Snap shot by T.J. Tynan.
7:26 of 2nd period - Shot Blocked by Jeff Petry.
7:28 of 2nd period - Wrist shot by Ryan Lomberg.
7:28 of 2nd period - Shot Misses the Net.
7:30 of 2nd period - Snap shot by Charlie McAvoy.
7:30 of 2nd period - Shot Blocked by Jeff Petry.
7:32 of 2nd period - Slapshot by Travis Sanheim.
7:32 of 2nd period - Stopped by Laurent Brossoit with a rebound.
7:34 of 2nd period - Snap shot by Ryan Lomberg.
7:34 of 2nd period - Shot Misses the Net.
7:36 of 2nd period - Snap shot by Denis Gurianov.
7:36 of 2nd period - Shot Blocked by Anton Lindholm.
7:38 of 2nd period - Slapshot by Travis Sanheim.
7:38 of 2nd period - Stopped by Laurent Brossoit with a rebound.
7:40 of 2nd period - Snap shot by Denis Gurianov.
7:40 of 2nd period - Goal by Denis Gurianov - Rampage : 3 - Wolves : 0.
7:41 of 2nd period - Kyle Rau wins face-off versus Jack Roslovic in neutral zone.
8:06 of 2nd period - Alexandre Grenier is hit by Jean-Sebastien Dea and loses puck.
8:46 of 2nd period - Wrist shot by Alexandre Grenier.
8:46 of 2nd period - Shot Misses the Net.
8:48 of 2nd period - Slapshot by Lawson Crouse.
8:48 of 2nd period - Shot Blocked by Kevan Miller.
8:50 of 2nd period - Snap shot by Alexandre Grenier.
8:50 of 2nd period - Stopped by Brandon Halverson with a rebound.
8:52 of 2nd period - Snap shot by Kyle Rau.
8:52 of 2nd period - Stopped by Brandon Halverson with a rebound.
9:02 of 2nd period - Snap shot by Kyle Rau.
9:02 of 2nd period - Shot Blocked by Collin Miller.
9:28 of 2nd period - Slapshot by Oskar Lindblom.
9:28 of 2nd period - Goal by Oskar Lindblom - Rampage : 4 - Wolves : 0.
9:29 of 2nd period - Jack Roslovic wins face-off versus Sebastian Aho in neutral zone.
9:45 of 2nd period - Slapshot by Joe Morrow.
9:45 of 2nd period - Shot Blocked by Travis Sanheim.
10:18 of 2nd period - Ethan Bear is hit by Wade Allison and loses puck.
10:33 of 2nd period - Sebastian Aho is hit by Dylan Gambrell.
10:58 of 2nd period - Off-side.
10:59 of 2nd period - Jack Roslovic wins face-off versus Wade Allison in neutral zone.
11:09 of 2nd period - Slapshot by Antti Suomela.
11:09 of 2nd period - Stopped by Brandon Halverson with a rebound.
11:25 of 2nd period - Charlie McAvoy is hit by Eric Robinson.
11:29 of 2nd period - Snap shot by Sebastian Aho.
11:29 of 2nd period - Stopped by Brandon Halverson without a rebound.
11:30 of 2nd period - T.J. Tynan wins face-off versus Sebastian Aho in Rampage zone.
11:35 of 2nd period - Slapshot by Ethan Bear.
11:35 of 2nd period - Shot Blocked by Sebastian Aho.
11:55 of 2nd period - Snap shot by T.J. Tynan.
11:55 of 2nd period - Shot Misses the Net.
11:57 of 2nd period - Snap shot by Denis Gurianov.
11:57 of 2nd period - Stopped by Laurent Brossoit with a rebound.
12:22 of 2nd period - Slapshot by Sebastian Aho.
12:22 of 2nd period - Goal by Sebastian Aho - Rampage : 4 - Wolves : 1.
12:23 of 2nd period - Jack Roslovic wins face-off versus Kyle Rau in neutral zone.
12:26 of 2nd period - Wrist shot by Jack Roslovic.
12:26 of 2nd period - Shot Misses the Net.
12:57 of 2nd period - Snap shot by Thomas Spelling.
12:57 of 2nd period - Shot Blocked by Artturi Lehkonen.
13:45 of 2nd period - Snap shot by Antti Suomela.
13:45 of 2nd period - Shot Blocked by Ethan Bear.
13:47 of 2nd period - Snap shot by Wade Allison.
13:47 of 2nd period - Shot Misses the Net.
13:49 of 2nd period - Snap shot by Jalen Chatfield.
13:49 of 2nd period - Goal by Jalen Chatfield - Rampage : 4 - Wolves : 2.
13:50 of 2nd period - Jack Roslovic wins face-off versus Kyle Rau in neutral zone.
15:37 of 2nd period - Wrist shot by Anton Lindholm.
15:37 of 2nd period - Shot Blocked by Kevan Miller.
15:39 of 2nd period - Slapshot by Sebastian Aho.
15:39 of 2nd period - Shot Misses the Net.
15:41 of 2nd period - Slapshot by Jeff Petry.
15:41 of 2nd period - Stopped by Brandon Halverson with a rebound.
15:43 of 2nd period - Snap shot by Eric Robinson.
15:43 of 2nd period - Stopped by Brandon Halverson with a rebound.
15:45 of 2nd period - Wrist shot by Sebastian Aho.
15:45 of 2nd period - Shot Misses the Net.
15:47 of 2nd period - Wrist shot by Sebastian Aho.
15:47 of 2nd period - Shot Misses the Net.
15:56 of 2nd period - Off-side.
15:57 of 2nd period - Dylan Gambrell wins face-off versus Jake Evans in neutral zone.
16:44 of 2nd period - Dylan Gambrell is hit by Joe Morrow and loses puck.
17:13 of 2nd period - Snap shot by Oskar Lindblom.
17:13 of 2nd period - Deflect By Jeremy Bracco.
17:13 of 2nd period - Stopped by Laurent Brossoit with a rebound.
17:15 of 2nd period - Slapshot by Roland McKeown.
17:15 of 2nd period - Shot Blocked by Joe Morrow.
17:17 of 2nd period - Snap shot by Roland McKeown.
17:17 of 2nd period - Stopped by Laurent Brossoit with a rebound.
17:35 of 2nd period - Slapshot by Jeremy Bracco.
17:35 of 2nd period - Shot Misses the Net.
17:37 of 2nd period - Backhand shot by Jeremy Bracco.
17:37 of 2nd period - Stopped by Laurent Brossoit without a rebound.
17:38 of 2nd period - Jack Roslovic wins face-off versus Kyle Rau in Wolves zone.
17:38 of 2nd period - Jack Roslovic is hit by Jalen Chatfield.
17:50 of 2nd period - Snap shot by Alexandre Grenier.
17:50 of 2nd period - Stopped by Brandon Halverson with a rebound.
18:00 of 2nd period - Minor Penalty to Jalen Chatfield for High sticking.
18:01 of 2nd period - Jean-Sebastien Dea wins face-off versus Alexandre Grenier in Wolves zone.
18:02 of 2nd period - Snap shot by Ryan Lomberg.
18:02 of 2nd period - Shot Misses the Net.
18:04 of 2nd period - Slapshot by Kevan Miller.
18:04 of 2nd period - Stopped by Laurent Brossoit without a rebound.
18:05 of 2nd period - Alexandre Grenier wins face-off versus Ryan Lomberg in Wolves zone.
18:05 of 2nd period - Alexandre Grenier is hit by Collin Miller.
19:01 of 2nd period - Eric Robinson is hit by Ryan Lomberg and loses puck.
0:00 of 3rd period - Penalty to Jalen Chatfield is over, Jalen Chatfield is back on ice.
Goals for this period are 2 for Rampage vs 2 for Wolves.
Shots for this period are 12 for Rampage vs 13 for Wolves.
3rd period
0:01 of 3rd period - Kyle Rau wins face-off versus Jack Roslovic in neutral zone.
0:22 of 3rd period - Minor Penalty to Travis Sanheim for Roughing.
0:23 of 3rd period - Jack Roslovic wins face-off versus Kyle Rau in Rampage zone.
0:28 of 3rd period - Snap shot by Kyle Rau.
0:28 of 3rd period - Goal by Kyle Rau - Rampage : 4 - Wolves : 3.
0:29 of 3rd period - Kyle Rau wins face-off versus Jack Roslovic in neutral zone.
0:55 of 3rd period - Victor Olofsson is hit by T.J. Tynan and loses puck.
1:48 of 3rd period - Wrist shot by Jeffrey Foss.
1:48 of 3rd period - Shot Blocked by Kevan Miller.
2:41 of 3rd period - Jake Evans is hit by Ethan Bear.
3:25 of 3rd period - Snap shot by Travis Sanheim.
3:25 of 3rd period - Goal by Travis Sanheim - Rampage : 5 - Wolves : 3.
3:26 of 3rd period - Kyle Rau wins face-off versus Jordan Greenway in neutral zone.
4:00 of 3rd period - Wrist shot by Sebastian Aho.
4:00 of 3rd period - Shot Misses the Net.
4:16 of 3rd period - Slapshot by Dylan Gambrell.
4:16 of 3rd period - Shot Misses the Net.
4:37 of 3rd period - Minor Penalty to Artturi Lehkonen for Roughing.
4:38 of 3rd period - Ryan Lomberg wins face-off versus Kyle Rau in Rampage zone.
5:08 of 3rd period - Roland McKeown is hit by Lawson Crouse and loses puck.
5:31 of 3rd period - Snap shot by Jeffrey Foss.
5:31 of 3rd period - Shot Misses the Net.
5:33 of 3rd period - Snap shot by Lawson Crouse.
5:33 of 3rd period - Stopped by Brandon Halverson with a rebound.
5:35 of 3rd period - Slapshot by Jeffrey Foss.
5:35 of 3rd period - Deflect By Travis Sanheim.
5:35 of 3rd period - Stopped by Brandon Halverson with a rebound.
5:37 of 3rd period - Slapshot by Joe Morrow.
5:37 of 3rd period - Deflect By Kyle Rau.
5:37 of 3rd period - Shot Misses the Net.
5:37 of 3rd period - Puck is out of play.
5:38 of 3rd period - Jack Roslovic wins face-off versus Sebastian Aho in Rampage zone.
5:46 of 3rd period - Off-side.
5:47 of 3rd period - Jack Roslovic wins face-off versus Sebastian Aho in neutral zone.
5:58 of 3rd period - Wrist shot by Jeff Petry.
5:58 of 3rd period - Shot Blocked by Ethan Bear.
6:00 of 3rd period - Wrist shot by Anton Lindholm.
6:00 of 3rd period - Shot Blocked by Ethan Bear.
6:37 of 3rd period - Penalty to Artturi Lehkonen is over, Artturi Lehkonen is back on ice.
7:08 of 3rd period - Oskar Lindblom is hit by Jake Evans and loses puck.
7:21 of 3rd period - Dylan Coghlan is hit by Roland McKeown and loses puck.
7:28 of 3rd period - Denis Gurianov is hit by Jeff Petry and loses puck.
7:56 of 3rd period - Icing by Jeff Petry.
7:57 of 3rd period - Kyle Rau wins face-off versus Jack Roslovic in Wolves zone.
8:10 of 3rd period - Wrist shot by Jake Evans.
8:10 of 3rd period - Shot Misses the Net.
8:12 of 3rd period - Snap shot by Jake Evans.
8:12 of 3rd period - Shot Misses the Net.
9:03 of 3rd period - Snap shot by T.J. Tynan.
9:03 of 3rd period - Shot Misses the Net.
9:05 of 3rd period - Wrist shot by Dylan Gambrell.
9:05 of 3rd period - Shot Blocked by Antti Suomela.
9:31 of 3rd period - Slapshot by Jake Evans.
9:31 of 3rd period - Stopped by Brandon Halverson with a rebound.
9:33 of 3rd period - Wrist shot by Jake Evans.
9:33 of 3rd period - Goal by Jake Evans - Rampage : 5 - Wolves : 4.
9:34 of 3rd period - Jack Roslovic wins face-off versus Kyle Rau in neutral zone.
10:51 of 3rd period - Backhand shot by Jeremy Bracco.
10:51 of 3rd period - Deflect By Oskar Lindblom.
10:51 of 3rd period - Stopped by Laurent Brossoit with a rebound.
11:21 of 3rd period - Sebastian Aho is hit by Charlie McAvoy and loses puck.
11:39 of 3rd period - Off-side.
11:40 of 3rd period - Artturi Lehkonen wins face-off versus Jake Evans in neutral zone.
11:56 of 3rd period - Snap shot by Jake Evans.
11:56 of 3rd period - Goal by Jake Evans - Rampage : 5 - Wolves : 5.
11:57 of 3rd period - Lawson Crouse wins face-off versus Jack Roslovic in neutral zone.
12:09 of 3rd period - Minor Penalty to Ethan Bear for Holding Stick.
12:10 of 3rd period - Kyle Rau wins face-off versus Jack Roslovic in Rampage zone.
12:18 of 3rd period - Slapshot by Kyle Rau.
12:18 of 3rd period - Stopped by Brandon Halverson with a rebound.
12:33 of 3rd period - Icing by Lawson Crouse.
12:34 of 3rd period - Jack Roslovic wins face-off versus Kyle Rau in Wolves zone.
14:09 of 3rd period - Penalty to Ethan Bear is over, Ethan Bear is back on ice.
15:07 of 3rd period - Thomas Spelling is hit by Kevan Miller and loses puck.
15:34 of 3rd period - Snap shot by Thomas Spelling.
15:34 of 3rd period - Shot Misses the Net.
15:36 of 3rd period - Wrist shot by Jake Evans.
15:36 of 3rd period - Stopped by Brandon Halverson without a rebound.
15:37 of 3rd period - Jean-Sebastien Dea wins face-off versus Sebastian Aho in Rampage zone.
16:01 of 3rd period - Icing by Collin Miller.
16:02 of 3rd period - Dylan Gambrell wins face-off versus Antti Suomela in Rampage zone.
16:02 of 3rd period - Dylan Gambrell is hit by Antti Suomela.
16:12 of 3rd period - Snap shot by Dylan Gambrell.
16:12 of 3rd period - Shot Misses the Net.
17:16 of 3rd period - Icing by Anton Lindholm.
17:17 of 3rd period - T.J. Tynan wins face-off versus Alexandre Grenier in Wolves zone.
17:18 of 3rd period - Wrist shot by Denis Gurianov.
17:18 of 3rd period - Stopped by Laurent Brossoit without a rebound.
17:19 of 3rd period - Lawson Crouse wins face-off versus T.J. Tynan in Wolves zone.
17:19 of 3rd period - Lawson Crouse is hit by Kevan Miller.
17:33 of 3rd period - Slapshot by Joe Morrow.
17:33 of 3rd period - Stopped by Brandon Halverson without a rebound.
17:34 of 3rd period - Jack Roslovic wins face-off versus Kyle Rau in Rampage zone.
17:36 of 3rd period - Minor Penalty to Jack Roslovic for Interference.
17:37 of 3rd period - Kyle Rau wins face-off versus Jordan Greenway in Rampage zone.
18:07 of 3rd period - Snap shot by Sebastian Aho.
18:07 of 3rd period - Stopped by Brandon Halverson without a rebound.
18:08 of 3rd period - Kyle Rau wins face-off versus T.J. Tynan in Rampage zone.
18:40 of 3rd period - Off-side.
18:41 of 3rd period - Kyle Rau wins face-off versus Jordan Greenway in neutral zone.
18:44 of 3rd period - Slapshot by Joe Morrow.
18:44 of 3rd period - Stopped by Brandon Halverson without a rebound.
18:45 of 3rd period - Kyle Rau wins face-off versus Jordan Greenway in Rampage zone.
18:46 of 3rd period - Slapshot by Lawson Crouse.
18:46 of 3rd period - Shot Misses the Net.
18:56 of 3rd period - Wrist shot by Jordan Greenway.
18:56 of 3rd period - Shot Blocked by Jeffrey Foss.
18:58 of 3rd period - Snap shot by Collin Miller.
18:58 of 3rd period - Stopped by Laurent Brossoit with a rebound.
19:00 of 3rd period - Slapshot by Roland McKeown.
19:00 of 3rd period - Stopped by Laurent Brossoit without a rebound.
19:01 of 3rd period - Kyle Rau wins face-off versus Jordan Greenway in Wolves zone.
19:08 of 3rd period - Wrist shot by Alexandre Grenier.
19:08 of 3rd period - Shot Misses the Net.
19:24 of 3rd period - Jeffrey Foss is hit by Collin Miller and loses puck.
19:36 of 3rd period - Penalty to Jack Roslovic is over, Jack Roslovic is back on ice.
19:51 of 3rd period - Snap shot by Artturi Lehkonen.
19:51 of 3rd period - Stopped by Laurent Brossoit with a rebound.
19:53 of 3rd period - Slapshot by Roland McKeown.
19:53 of 3rd period - Shot Blocked by Anton Lindholm.
19:55 of 3rd period - Snap shot by Jean-Sebastien Dea.
19:55 of 3rd period - Stopped by Laurent Brossoit with a rebound.
Goals for this period are 1 for Rampage vs 3 for Wolves.
Shots for this period are 7 for Rampage vs 11 for Wolves.
Overtime #1
0:01 of 1st overtime period - Alexandre Grenier wins face-off versus Jean-Sebastien Dea in neutral zone.
0:03 of 1st overtime period - Minor Penalty to Joe Morrow for Hooking.
0:04 of 1st overtime period - Alexandre Grenier wins face-off versus Jean-Sebastien Dea in Wolves zone.
0:52 of 1st overtime period - Snap shot by T.J. Tynan.
0:52 of 1st overtime period - Shot Misses the Net.
0:54 of 1st overtime period - Wrist shot by Charlie McAvoy.
0:54 of 1st overtime period - Stopped by Laurent Brossoit with a rebound.
0:56 of 1st overtime period - Snap shot by T.J. Tynan.
0:56 of 1st overtime period - Shot Misses the Net.
1:18 of 1st overtime period - Wrist shot by Denis Gurianov.
1:18 of 1st overtime period - Stopped by Laurent Brossoit without a rebound.
1:19 of 1st overtime period - Antti Suomela wins face-off versus Jean-Sebastien Dea in Wolves zone.
1:53 of 1st overtime period - Slapshot by Travis Sanheim.
1:53 of 1st overtime period - Goal by Travis Sanheim - Rampage : 6 - Wolves : 5.
Goals for this period are 1 for Rampage vs 0 for Wolves.
Shots for this period are 3 for Rampage vs 0 for Wolves.